 Dungeon Crawl Stone Soup version 0.30-a0-760-g5a9884bb7c (webtiles) character file.

Game seed: 9484333652961692236

1657 RapScallion the Destroyer (level 8, -8/57 (61) HPs)
             Began as a Deep Elf Fire Elementalist on Feb 10, 2023.
             Mangled by a wight
             ... wielding a +0 halberd
              (10 damage)
             ... on level 6 of the Dungeon.
             The game lasted 00:34:24 (5796 turns).

RapScallion the Destroyer (DEFE)                    Turns: 5796, Time: 00:34:24

HP:   -8/57 (61)    AC: 24    Str:  5    XL:     8   Next: 68%
MP:   10/17         EV:  2    Int: 23    God:
Gold: 277           SH:  0    Dex: 15    Spells: 14/17 levels left

rFire   + . .      SeeInvis .    l - +2 dagger (venom)
rCold   . . .      Faith    .    (no shield)
rNeg    . . .      Spirit   .    (body armour currently unavailable)
rPois   +          Reflect  .    (helmet currently unavailable)
rElec   .          Harm     .    (cloak currently unavailable)
rCorr   .          Rampage  .    (gloves currently unavailable)
Will    .....      NoTele   +    (boots currently unavailable)
Stlth   ++                       (no amulet)
HPRegen 0.29/turn                h - ring of protection from fire
MPRegen 0.15/turn                (no ring)

@: lethally poisoned (-8 -> -12), tree-form, drained
A: stationary, stasis, torment immunity, boosted hp
a: no special abilities


You were on level 6 of the Dungeon.
You were a tree.
You visited 1 branch of the dungeon, and saw 6 of its levels.

You collected 420 gold pieces.
You spent 143 gold pieces at shops.

Inventory:

Hand Weapons
 d - a +0 dagger of venom
 l - a +2 dagger of venom (weapon)
 o - a +0 falchion of flaming
Armour
 a - a +0 robe (melded)
 k - a +2 cloak (melded)
 n - a +0 helmet (melded)
 w - a +2 chain mail of poison resistance
 y - a +0 pair of boots (melded)
Jewellery
 h - a ring of protection from fire (left branch)
Wands
 x - a wand of mindburst (13)
Scrolls
 i - 2 scrolls of teleportation
 p - a scroll of magic mapping
 r - a scroll of enchant armour {unknown}
 t - 2 scrolls of brand weapon
 B - a scroll of enchant weapon {unknown}
 D - a scroll of vulnerability {unknown}
Potions
 b - a potion of magic
 c - 4 potions of flight
 e - 2 potions of degeneration
 f - a potion of might {unknown}
 m - 3 potions of brilliance
 q - a potion of cancellation {unknown}
 s - 2 potions of heal wounds
 u - 2 potions of mutation
 z - a potion of haste {unknown}
 C - 4 potions of curing {unknown}


   Skills:
 - Level 2.5 Dodging
 - Level 2.6 Stealth
 - Level 5.0 Spellcasting
 + Level 11.0 Conjurations
 - Level 5.0 Fire Magic


You had 14 spell levels left.
You knew the following spells:

 Your Spells              Type           Power      Damage    Failure   Level
a - Foxfire               Conj/Fire      100%       2x1d9     1%          1
b - Scorch                Fire           56%        2d8       1%          2

Your spell library contained the following spells:

 Spells                   Type           Power      Damage    Failure   Level
 Static Discharge         Conj/Air       62%        2-5/arc   1%          2
 Hailstorm                Conj/Ice       31%        3d8       3%          3
 Flame Wave               Conj/Fire      42%        2d11      3%          4
 Inner Flame              Hex/Fire       17%        N/A       10%         3
 Kindle Blastsparks       Fire/Tloc/Air  26%        2d12      14%         3
 Arcjolt                  Conj/Air       15%        1d25      26%         5
 Lightning Bolt           Conj/Air       15%        1d29      26%         5
 Gell's Gravitas          Tloc           5%         N/A       28%         3
 Portal Projectile        Hex/Tloc       10%        N/A       28%         3
 Teleport Other           Tloc           5%         N/A       28%         3
 Tukima's Dance           Hex            5%         N/A       28%         3
 Vhi's Electric Charge    Tloc/Air       10%        N/A       28%         3
 Ice Form                 Ice/Tmut       5%         N/A       67%         4
 Blade Hands              Tmut           2%         N/A       95%         5
 Dispersal                Tloc           2%         N/A       100%        6
 Simulacrum               Ice/Necr       2%         N/A       100%        6


Dungeon Overview and Level Annotations

Branches:
Dungeon (6/15)
 Temple: D:4-7

Altars:
Cheibriados
Xom
Yredelemnul
Zin

Shops:
D:6 ?(


Message History

You are poisoned.
Casting: Foxfire (safe; 1% risk of failure)
Confirm with . or Enter, or press ? or * to list all spells.
You conjure some foxfire!
You feel very sick.
The foxfire hits the wight but does no damage.
The wight is heavily damaged.
The foxfire hits the wight but does no damage.
The wight barely misses you.
You hit the wight but do no damage.
The wight is heavily damaged.
You feel very sick.
The foxfire hits the wight but does no damage. x2
The wight is heavily damaged.
The wight barely misses you. The wight hits you with a +0 hand axe!
You feel drained.
* * * LOW HITPOINT WARNING * * *
* * * LOW HITPOINT WARNING * * *
You feel very sick. The wight barely misses you.
Unknown command.
As you read the scroll labelled SUVOR BIPO, it crumbles to dust.
The creatures around you are filled with an inner flame!
It was a scroll of immolation.
* * * LOW HITPOINT WARNING * * *
You feel sick. The wight barely misses you.
Okay, then.
It was a potion of lignification.
You turn into a tree.
Your +2 cloak melds into your body.
Your +0 helmet melds into your body.
Your +0 pair of boots melds into your body.
Your +0 robe melds into your body.
Your roots penetrate the ground.
* * * LOW HITPOINT WARNING * * *
You feel sick. The wight hits you but does no damage.
As you read the scroll labelled DUUREZEXER, it crumbles to dust.
You hear a loud clanging noise!
It was a scroll of noise.
* * * LOW HITPOINT WARNING * * *
You feel sick.
The wight hits you but does no damage. x3
The wight hits you from afar with a +0 halberd!
You die...

#....'..#...'.....
#....#####+##.....
##...............#
+...............#
#...............'
#....∩..........#
#####...............#
#......#'####'####+##
#...♣..#.......+...'.
+.zzz..#.......#...#.
#.zz...###+######.###
.......##'####.######.###
.......#.................
...<...#.................
...(...#..............##.
.......#..............##.
.......#..............#..


You could see 5 wights.

Vanquished Creatures
  4 ice beasts
  A black bear (D:6)
  An ogre (D:5)
  3 phantoms
  A bullfrog (D:6)
  A necrophage (D:6)
  3 scorpions
  3 hounds (D:6)
  3 jellies (D:6)
  2 orc priests
  An iguana (D:6)
  3 orc wizards
  5 gnolls
  5 adders
  A shadow imp (D:5)
  A white imp (D:5)
  An ufetubus (D:4)
  3 worms
  5 dart slugs
  17 orcs
  4 bats
  6 endoplasms
  A giant cockroach (D:1)
  15 goblins
  11 hobgoblins
  8 kobolds
  6 quokkas
  5 ball pythons
  3 frilled lizards
  8 rats
  A spectral orc (D:3)
132 creatures vanquished.

Vanquished Creatures (others)
  303 foxfires
303 creatures vanquished.

Grand Total: 435 creatures vanquished

Notes
Turn   | Place    | Note
-------+----------+-------------------------------------------
     0 | D:1      | RapScallion the Deep Elf Fire Elementalist began the quest
                  | for the Orb.
     0 | D:1      | Reached XP level 1. HP: 10/10 MP: 6/6
   270 | D:1      | Reached XP level 2. HP: 12/15 MP: 5/8
   658 | D:1      | Learned a level 2 spell: Scorch
   790 | D:1      | Reached skill level 2 in Conjurations
   956 | D:2      | Reached XP level 3. HP: 19/19 MP: 6/10
  1717 | D:3      | Reached XP level 4. HP: 24/24 MP: 9/12
  1900 | D:3      | Found a basalt altar of Yredelemnul.
  2245 | D:3      | Found a glowing silver altar of Zin.
  2286 | D:3      | Reached skill level 3 in Conjurations
  2641 | D:4      | Noticed a scorpion
  2644 | D:4      | Reached XP level 5. HP: 28/28 MP: 8/13
  2646 | D:4      | Reached skill level 5 in Spellcasting
  2849 | D:4      | Reached skill level 5 in Fire Magic
  2855 | D:4      | Reached skill level 4 in Conjurations
  3074 | D:4      | Reached XP level 6. HP: 32/32 MP: 11/15
  3525 | D:5      | Entered Level 5 of the Dungeon
  3611 | D:5      | Noticed an ice beast
  3625 | D:5      | Killed an ice beast
  3626 | D:5      | Reached skill level 5 in Conjurations
  3701 | D:5      | Reached skill level 6 in Conjurations
  3791 | D:5      | Reached XP level 7. HP: 36/36 MP: 10/16
  3964 | D:5      | Reached skill level 7 in Conjurations
  4379 | D:5      | Reached skill level 8 in Conjurations
  4648 | D:6      | Found Ocedyapp's Weapon Shoppe.
  4753 | D:6      | Reached XP level 8. HP: 41/41 MP: 9/17
  4780 | D:6      | Reached skill level 9 in Conjurations
  5125 | D:6      | Found a shimmering altar of Xom.
  5149 | D:6      | Reached skill level 10 in Conjurations
  5217 | D:6      | Found Lera Wud's Magic Scroll Shop.
  5226 | D:6      | Bought a scroll of identify for 26 gold pieces
  5226 | D:6      | Bought a scroll of identify for 26 gold pieces
  5226 | D:6      | Bought a scroll of identify for 26 gold pieces
  5226 | D:6      | Bought a scroll of identify for 26 gold pieces
  5233 | D:6      | Bought a scroll of teleportation for 39 gold pieces
  5508 | D:6      | Found a snail-covered altar of Cheibriados.
  5578 | D:6      | Reached skill level 11 in Conjurations
  5796 | D:6      | HP: 2/57 [poisoned by a wight]
  5796 | D:6      | Mangled by a wight

Illustrated notes

Levels and vault maps discovered:
D:1:      dpeg_arrival_boxes_within_box, layout_loops_ring
D:2:      cheibrodos_greedy_goblins, layout_rooms
D:3:      layout_basic, yredelemnul_forgotten_temple_becter,
          nicolae_overflow_crystal_walls
D:4:      layout_rooms, serial_corexii_hall, corexii_hall_statues_x,
          chequers_hall_statues_wall_a, chequers_hall_statues_y,
          chequers_hall_statues_y, corexii_hall_statues_t,
          corexii_hall_statues_i
D:5:      layout_gridville
D:6:      layout_gridville, amcnicky_altar_gilded, slow_altar_1, serial_shops,
          shop, shop_fountains, sigmund_army

Skill      XL: |  1  2  3  4  5  6  7  8 |
---------------+-------------------------+-----
Conjurations   | 2 3 4 6 8 11 | 11.0
Spellcasting   | 4 5 |  5.0
Fire Magic     | 4 5 |  5.0
Dodging        | |  2.5
Stealth        | |  2.6

Action                     |  1- 3 |  4- 6 |  7- 9 || total
---------------------------+-------+-------+-------++-------
  Melee: Dagger            |    18 |    46 |    14 ||    78
         Punch             |       |     3 |       ||     3
   Cast: Foxfire           |    50 |    75 |    68 ||   193
         Scorch            |     9 |    16 |    24 ||    49
    Use: Scroll            |     1 |       |     9 ||    10
         Potion            |       |       |     1 ||     1
 Armour: Robe              |     2 |    15 |    14 ||    31
         Skin              |       |       |     4 ||     4
  Dodge: Dodged            |    11 |    35 |    34 ||    80

Table legend: (Time is in decaauts)
 A = Elapsed time spent in this place.
 B = Non-inter-level travel time spent in this place.
 C = Inter-level travel time spent in this place.
 D = Time resting spent in this place.
 E = Time spent auto-exploring this place.
 F = Levels seen in this place.
 G = Mean time per level.
                   A        B        C        D        E       F      G
               +--------+--------+--------+--------+--------+-----+--------+
         Total |   5792 |   5583 |    209 |    920 |   2595 |   6 |  965.3 |
       Dungeon |   5792 |   5583 |    209 |    920 |   2595 |   6 |  965.3 |
               +--------+--------+--------+--------+--------+-----+--------+

Top non-repeatable levels by time:
     D:6: 1203 daAuts
     D:5: 1065 daAuts
     D:4: 968 daAuts
     D:1: 931 daAuts
     D:3: 857 daAuts
     D:2: 764 daAuts
